 Dungeon Crawl Stone Soup version 0.22-a0-750-ga7dcef7 (webtiles) character file.

5565 yoda5477 the Destroyer (level 10, -16/83 HPs)
             Began as a Red Draconian Conjurer on July 14, 2018.
             Was a Follower of Vehumet.
             Hit by a javelin of returning thrown by a minotaur (24 damage)
             ... in a labyrinth on July 15, 2018.
             The game lasted 01:30:49 (14568 turns).

yoda5477 the Destroyer (Red Draconian Conjurer)    Turns: 14568, Time: 01:30:49

Health: -16/83     AC:  9    Str: 10    XL:     10   Next: 44%
Magic:  4/20       EV: 14    Int: 18    God:    Vehumet [*.....]
Gold:   440        SH:  0    Dex: 13    Spells: 6/23 levels left

rFire    + . .     SeeInvis .   u - +1 flail (holy)
rCold    . . .     Gourm    .   (no shield)
rNeg     . . .     Faith    .   (armour unavailable)
rPois    +         Spirit   .   (helmet restricted)
rElec    .         Reflect  .   K - +0 cloak
rCorr    .         Harm     .   (no gloves)
MR       .....                  l - +0 pair of boots
Stlth    ++........             (no amulet)
HPRegen  0.23/turn              F - +2 ring of evasion
MPRegen  0.17/turn              B - ring of poison resistance

@: no status effects
A: breathe fire, unfitting armour, fire resistance 1, cold-blooded, AC +7
a: Breathe Fire, Renounce Religion


You were in a labyrinth.
You worshipped Vehumet.
Vehumet was aware of your devotion.
You were hungry.

You visited 3 branches of the dungeon, and saw 10 of its levels.
You also visited: Labyrinth.

You collected 440 gold pieces.

Inventory:

Hand Weapons
 d - a +2 hand axe of flaming
 n - a +0 short sword of venom
 o - a +0 shortbow
 p - a +0 mace
 q - a +0 dire flail
 s - a +0 morningstar
 t - a cursed -3 long sword
 u - a +1 flail of holy wrath (weapon)
 v - a +4 club
 N - a +2 dagger of electrocution
 O - a +1 dagger of venom
 S - a +4 halberd of freezing
 U - a +2 dagger of electrocution
 V - a +0 shortbow of velocity
 X - a +0 battleaxe
Missiles
 W - 116 arrows
Armour
 l - a +0 pair of boots (worn)
 K - a +0 cloak (worn)
Jewellery
 a - an uncursed ring of resist corrosion
 y - an uncursed ring of protection from fire
 B - a ring of poison resistance (right hand)
 E - an uncursed ring of ice
 F - a +2 ring of evasion (left hand)
 Q - an uncursed ring of see invisible
Wands
 x - a wand of clouds (6)
 C - a wand of disintegration (11)
 D - a wand of scattershot (6)
 Y - a wand of digging (16)
Scrolls
 e - 4 scrolls of remove curse
 f - 12 scrolls of identify
 h - 4 scrolls of teleportation {unknown}
 k - a scroll of enchant armour {unknown}
 m - 3 scrolls of fog {unknown}
 H - 2 scrolls of random uselessness {unknown}
 I - 3 scrolls of noise {unknown}
 J - 4 scrolls of vulnerability {unknown}
 M - a scroll of fear {unknown}
 P - a scroll of holy word {unknown}
 R - 2 scrolls of brand weapon {unknown}
 T - 3 scrolls of enchant weapon {unknown}
 Z - a scroll of blinking {unknown}
Potions
 c - a potion of flight {unknown}
 i - a potion of invisibility {unknown}
 j - 2 potions of heal wounds {unknown}
 r - 3 potions of curing {unknown}
 w - 2 potions of might
 z - 3 potions of lignification {unknown}
 A - 2 potions of ambrosia {unknown}
 G - a potion of magic {unknown}
 L - a potion of agility {unknown}
Comestibles
 b - 10 rations


   Skills:
 * Level 6.0 Fighting
 + Level 4.0 Maces & Flails
 - Level 1.7 Dodging
 - Level 1.7 Stealth
 * Level 7.0 Spellcasting
 + Level 10.1 Conjurations
 * Level 4.3 Hexes
 * Level 5.3 Translocations


You had 6 spell levels left.
You knew the following spells:

 Your Spells              Type           Power        Failure   Level  Hunger
a - Magic Dart            Conj           ####         1%          1    None
b - Searing Ray           Conj           #####.       1%          2    None
c - Force Lance           Conj/Tloc      ####....     4%          4    ####...
d - Corona                Hex            ###....      1%          1    None
e - Iskenderun's Mystic   Conj           #####...     1%          4    ####...
f - Fulminant Prism       Conj/Hex       ####......   5%          4    ####...
g - Sting                 Conj/Pois      ###.         1%          1    None

Your spell library contained the following spells:

 Spells                   Type           Power        Failure   Level  Hunger
 Confuse                  Hex            ###.....     5%          3    ##.....
 Tukima's Dance           Hex            ###.....     5%          3    ##.....
 Ensorcelled Hibernation  Hex/Ice        ##....       7%          2    None
 Dazzling Spray           Conj/Hex       ####..       1%          3    ##.....


Dungeon Overview and Level Annotations

Branches:
Dungeon (8/15)             Temple (1/1) D:7            Lair (1/6) D:8

Altars:
Ashenzari
Kikubaaqudgha
Okawaru
Qazlal
Vehumet
Wu Jian
Xom
The Shining One

Shops:
D:5 =   D:6 %   D:8 }

Annotations:
D:3 Edmund
D:8 1 exclusion


Innate Abilities, Weirdness & Mutations

You can breathe blasts of fire.
Your fiery red scales are hard. (AC +7)
You cannot fit into any form of body armour.
Your flesh is heat resistant. (rF+)
You are cold-blooded and may be slowed by cold attacks.


Message History

Aiming: Fulminant Prism (safe; 5% risk of failure)
Press: ? - help, Dir - move target cursor You conjure a prism of explosive energy!
Casting: Fulminant Prism (safe; 5% risk of failure)
Confirm with . or Enter, or press ? or * to list all spells.
Aiming: Fulminant Prism (safe; 5% risk of failure)
Press: ? - help, Dir - move target cursor You conjure a prism of explosive energy!
Your fulminant prism crackles loudly.
Casting: Fulminant Prism (safe; 5% risk of failure)
Confirm with . or Enter, or press ? or * to list all spells.
You don't have enough magic to cast that spell.
Something hits your fulminant prism!
Your fulminant prism explodes!
The minotaur throws a javelin of returning.
The javelin of returning barely misses you.
You see here a javelin of returning.
The minotaur throws a javelin of returning.
The javelin of returning hits you!!
You die...

# .#
#######.#
#.#.....#
#.###@##
#......#
###H#.##.#
. #...#.#
... #
#.#####
#### .
#.....# #
#.###H#.
## #.#.
.....# #
#.#
#######


You could see a minotaur.

Vanquished Creatures
  A two-headed ogre (D:7)
  A troll (D:8)
  2 dream sheep (D:8)
  2 yaks
  2 wargs (D:8)
  3 orc warriors
  A sky beast (D:7)
  3 phantoms
  2 ogres
  7 centaurs
  5 big kobolds
  4 bullfrogs
  3 scorpions
  6 wights
  A howler monkey (D:8)
  A centaur zombie (D:6)
  5 crimson imps
  6 jellies
  2 bullfrog skeletons
  2 orc priests
  A gnoll shaman (D:6)
  6 hounds
  9 orc wizards
  Jessica (D:3)
  Terence (D:3)
  3 iguanas
  A worker ant (D:8)
  A hound zombie (D:8)
  2 worker ant zombies
  8 adders
  9 gnolls
  2 shadow imps
  2 oozes
  3 adder skeletons
  5 worms
  3 dart slugs
  4 leopard geckos
  13 orcs
  A ball python (D:1)
  6 giant cockroaches
  4 hobgoblins
  3 jackals (D:6)
  3 quokkas
  3 bats
  3 frilled lizards
  5 goblins
  A goblin zombie (D:5)
  16 kobolds
  2 quokka skeletons
  5 rats
  A rat zombie (D:5)
  6 fulminant prisms
192 creatures vanquished.

Vanquished Creatures (others)
  14 fulminant prisms
  3 plants (D:8)
17 creatures vanquished.

Grand Total: 209 creatures vanquished

Notes
Turn   | Place    | Note
-------+----------+-------------------------------------------
     0 | D:1      | yoda5477 the Draconian Conjurer began the quest for the Orb.
     0 | D:1      | Reached XP level 1. HP: 14/14 MP: 3/3
   259 | D:1      | Reached XP level 2. HP: 22/22 MP: 1/5
   329 | D:1      | Learned a level 2 spell: Searing Ray
   868 | D:2      | Reached skill level 1 in Fighting
   868 | D:2      | Reached XP level 3. HP: 28/28 MP: 1/6
  1173 | D:2      | Found a faded altar of an unknown god.
  1335 | D:2      | Reached skill level 5 in Conjurations
  1335 | D:2      | Reached XP level 4. HP: 30/35 MP: 2/7
  1803 | D:3      | Learned a level 4 spell: Force Lance
  2151 | D:3      | Noticed a centaur
  2164 | D:3      | Killed a centaur
  2164 | D:3      | Reached skill level 1 in Maces & Flails
  2164 | D:3      | Reached skill level 1 in Translocations
  2164 | D:3      | Reached XP level 5. HP: 41/41 MP: 4/9
  2446 | D:3      | Noticed Terence
  2468 | D:3      | Killed Terence
  2544 | D:3      | Noticed Jessica
  2548 | D:3      | Killed Jessica
  2682 | D:3      | Reached XP level 6. HP: 40/50 MP: 7/10
  3384 | D:4      | Reached skill level 6 in Conjurations
  3665 | D:4      | Found a shattered altar of Ashenzari.
  3776 | D:4      | Your scales start taking on a fiery red colour.
  3776 | D:4      | Reached XP level 7. HP: 45/57 MP: 7/12
  3776 | D:4      | Gained mutation: Your flesh is heat resistant. (rF+) [Red Draconian growth]
  4078 | D:4      | Noticed Edmund
  4559 | D:4      | Learned a level 1 spell: Corona
  4846 | D:5      | Entered Level 5 of the Dungeon
  5746 | D:5      | Reached skill level 7 in Conjurations
  5746 | D:5      | Reached skill level 1 in Hexes
  5847 | D:5      | Learned a level 4 spell: Iskenderun's Mystic Blast
  5932 | D:5      | Found Zutwyan's Jewellery Boutique.
  6158 | D:6      | Reached XP level 8. HP: 56/66 MP: 0/14
  6366 | D:6      | Found Eripum's Food Shoppe.
  7342 | D:6      | Found an iron altar of Okawaru.
  7595 | D:6      | Reached skill level 8 in Conjurations
  7969 | D:7      | Reached skill level 5 in Spellcasting
  8184 | D:7      | Noticed a two-headed ogre
  8190 | D:7      | Reached XP level 9. HP: 72/72 MP: 11/16
  8202 | D:7      | Killed a two-headed ogre
  8693 | D:7      | Reached skill level 9 in Conjurations
  8738 | D:7      | Reached skill level 5 in Fighting
  9626 | D:7      | Found a staircase to the Ecumenical Temple.
  9647 | Temple   | Entered the Ecumenical Temple
  9652 | Temple   | Became a worshipper of Vehumet
 10016 | D:8      | Upgraded the game from 0.22-a0-619-ga0c6fd2 to 0.22-a0-750-ga7dcef7
 10144 | D:8      | Noticed a two-headed ogre
 11007 | D:8      | Found a staircase to the Lair.
 11013 | D:8      | Learned a level 4 spell: Fulminant Prism
 11182 | D:8      | Reached XP level 10. HP: 16/81 MP: 1/19
 11702 | D:8      | Found an iron altar of Okawaru.
 12097 | D:8      | Reached skill level 10 in Conjurations
 12097 | D:8      | Reached skill level 5 in Translocations
 12537 | D:8      | Reached * piety under Vehumet
 12537 | D:8      | Offered knowledge of Sting by Vehumet.
 12543 | D:8      | Learned a level 1 spell: Sting
 12631 | D:8      | Noticed a two-headed ogre
 12911 | D:8      | Found Uroh Kem's Gadget Boutique.
 13487 | D:8      | Noticed a three-headed hydra
 13918 | Lair:1   | Entered Level 1 of the Lair of Beasts
 13943 | Lair:1   | Found a labyrinth entrance.
 13953 | Lab      | Entered a labyrinth
 14469 | Lab      | Noticed a minotaur
 14551 | Lab      | HP: 4/83 [minotaur/javelin of returning (3)]
 14568 | Lab      | Hit by a javelin of returning thrown by a minotaur

Vault maps used:
D:1:      lightli_iron_boxes, minmay_misc_feat_diagonals
D:2:      first_ration, chequers_ecumenical_altar_simple
D:3:      uniq_terence, uniq_jessica
D:4:      kennysheep_six_static_rooms, cheibrodos_ashenzari_chains, uniq_edmund
D:5:      enter_ossuary_4, serial_shops, shop
D:6:      serial_shops, shop, okawaru_metal_pillars_1_2
D:7:      minmay_temple_entry_overgrown, uniq_crazy_yiuf_cottage
D:8:      erik_lair_orcish_takeover, serial_shops, shop_fountains, basic_altar,
          hangedman_ranch
Temple:   grunt_wide_crystal_templ
Lair:1:   lab_entry_generic, st_stairs_4
Lab:      labyrinth_spiral

Skill      XL: |  1  2  3  4  5  6  7  8  9 10 |
---------------+-------------------------------+-----
Fighting       | 1 2 3 4 5 6 |  6.0
Conjurations   | 5 6 7 8 9 10 | 10.1
Maces & Flails | 1 2 3 4 |  4.0
Spellcasting   | 3 4 5 6 7 |  7.0
Translocations | 1 2 3 4 5 |  5.3
Hexes          | 1 2 3 4 |  4.3
Dodging        | |  1.7
Stealth        | |  1.7

Action                   |  1- 3 |  4- 6 |  7- 9 | 10-12 || total
-------------------------+-------+-------+-------+-------++-------
Melee: Unarmed           |     7 |       |       |       ||     7
       Club              |    25 |    23 |       |       ||    48
       Tailslap          |     2 |     2 |     3 |     4 ||    11
       Flail             |       |     1 |    57 |    20 ||    78
 Cast: Magic Dart        |    36 |    31 |    98 |    19 ||   184
       Searing Ray       |     2 |    29 |    72 |    14 ||   117
       Force Lance       |       |       |    37 |    15 ||    52
       Iskenderun's Myst |       |       |    13 |       ||    13
       Corona            |       |       |     2 |     1 ||     3
       Fulminant Prism   |       |       |       |    20 ||    20
 Abil: Breathe Fire      |       |       |     1 |       ||     1
  Use: Scroll            |       |     1 |       |     2 ||     3
 Stab: Sleeping          |     1 |     1 |     1 |       ||     3
  Eat: Chunk             |     2 |     9 |    21 |     2 ||    34
       Ration            |       |       |     3 |     4 ||     7
Armor: Skin              |    11 |    17 |    45 |    21 ||    94
Dodge: Dodged            |    18 |    17 |   150 |    55 ||   240

Table legend:
 A = Spawn XP
 B = Non-spawn XP
 C = Spawn XP percentage of total XP
 D = Spawn monster count
 E = Non-spawn monster count
 F = Spawn count percentage of total count
 G = Total turns spent on level
                    A         B        C        D         E        F      G
               +---------+---------+-------+---------+---------+-------+---------
         Total |       0 |    7950 |   0.0 |       0 |     186 |   0.0 | 14568
               +---------+---------+-------+---------+---------+-------+---------
           D:1 |       0 |      19 |   0.0 |       0 |      12 |   0.0 |   814
           D:2 |       0 |      92 |   0.0 |       0 |      15 |   0.0 |   955
           D:3 |       0 |     319 |   0.0 |       0 |      24 |   0.0 |  1900
           D:4 |       0 |     577 |   0.0 |       0 |      14 |   0.0 |  1360
           D:5 |       0 |     390 |   0.0 |       0 |      13 |   0.0 |  1100
           D:6 |       0 |    1211 |   0.0 |       0 |      30 |   0.0 |  2341
           D:7 |       0 |    2341 |   0.0 |       0 |      39 |   0.0 |  2159
           D:8 |       0 |    3001 |   0.0 |       0 |      39 |   0.0 |  3278
               +---------+---------+-------+---------+---------+-------+---------
